[Event "Late-Titled-Tuesday-Blitz-March-19-2024"]
[Site "Chess.com"]
[Date "2024.03.19"]
[Round "7"]
[White "Sanan_Sjugirov"]
[Black "KuzubovYuriy"]
[Result "1-0"]
[WhiteElo "3012"]
[BlackElo "2904"]
[TimeControl "180+1"]
[EndTime "15:15:46 PDT"]
[Termination "Sanan_Sjugirov won by resignation"]

1. e4 e6 2. d4 d5 3. e5 c5 4. c3 Nc6 5. Nf3 Qb6 6. a3 c4 7. Nbd2 Na5 8. Be2 Bd7 9. Rb1 Ne7 10. Nf1 Qc7 11. Bf4 Bc6 12. Ne3 Qd7 13. O-O Ba4 14. Qe1 h6 15. h3 O-O-O 16. Nd2 Kb8 17.
Bh2 Ka8 18. h4 f5 19. exf6 gxf6 20. Bd1 Bc6 21. Bc2 Rg8 22. Qe2 Re8 23. Rbe1 Ng6 24. h5 Nh8 25. Nf3 Nf7 26. Nh4 Ng5 27. Ng6 Bg7 28.
f4 Ne4 29. Bxe4 dxe4 30. f5 Bf8 31. fxe6 Qxe6 32. Rf5 Nb3 33. d5 Bxd5 34. Nxd5 Nc5 35. Nc7+ 1-0

[Event "Late-Titled-Tuesday-Blitz-March-19-2024"]
[Site "Chess.com"]
[Date "2024.03.19"]
[Round "7"]
[White "yaguigor"]
[Black "atbenina64"]
[Result "0-1"]
[WhiteElo "2574"]
[BlackElo "2737"]
[TimeControl "180+1"]
[EndTime "15:15:46 PDT"]
[Termination "atbenina64 won by resignation"]

1. e4 c5 2. Nf3 d6 3. d4 cxd4 4. Nxd4 Nf6 5. Nc3 a6 6. f3 e5 7. Nb3 Be7 8. Be3 Be6 9. Qd2 h5 10. Nd5 Nxd5 11. exd5 Bf5 12. Be2 a5 13. Bb5+ Nd7 14. a4 Bh4+ 15. g3 Be7 16. O-O Bh3 17. Rf2 O-O 18. Bf1 Bxf1 19. Raxf1 f5 20. f4 Nf6 21.
Re2 Ng4 22. Qd3 Nxe3 23. Qxe3 Bf6 24. fxe5 Bxe5 25. Nd4 Bxd4 26. Qxd4 Rc8 27. Rfe1 Qg5 28. Rf2 Rfe8 29. Re6 Qc1+ 30. Kg2 Rxe6 31. dxe6 Rxc2 32.
Qxd6 Rxf2+ 33. Kxf2 Qxb2+ 34. Kf3 Qc3+ 35. Kf4 Qb4+ 36. Kxf5 Qxd6 0-1

[Event "Late-Titled-Tuesday-Blitz-March-19-2024"]
[Site "Chess.com"]
[Date "2024.03.19"]
[Round "7"]
[White "gympod"]
[Black "Noki102"]
[Result "1-0"]
[WhiteElo "2407"]
[BlackElo "2568"]
[TimeControl "180+1"]
[EndTime "15:15:46 PDT"]
[Termination "gympod won by resignation"]

1. c4 e5 2. g3 h5 3. h3 h4 4.
g4 Nc6 5. Bg2 Bc5 6. Nc3 d6 7.
e3 Nge7 8. Nge2 O-O 9. d4 Bb6 10. d5 Nb8 11. e4 Ng6 12. Qd3 Nd7 13. Be3 Nc5 14. Qd2 a5 15. O-O Bd7 16. b3 Qe7 17. Rfb1 Rfe8 18. a3 a4 19. bxa4 Nxa4 20. Nxa4 Bxe3 21.
Qxe3 Bxa4 22. Rxb7 Bc2 23. Qd2 Ba4 24. Rab1 Nf4 25.
Nxf4 exf4 26. Qxf4 Bc2 27. Rc1 Ba4 28. c5 Rac8 29. Rc4 Bd1 30. Qd2 c6 31. Rxe7 1-0

[Event "Late-Titled-Tuesday-Blitz-March-19-2024"]
[Site "Chess.com"]
[Date "2024.03.19"]
[Round "7"]
[White "ozates"]
[Black "Heinza9"]
[Result "1-0"]
[WhiteElo "2566"]
[BlackElo "2338"]
[TimeControl "180+1"]
[EndTime "15:15:46 PDT"]
[Termination "ozates won by resignation"]

1. e4 e6 2. d4 d5 3. Nd2 c5 4.
exd5 Qxd5 5. dxc5 Bxc5 6. Ngf3 Nf6 7. a4 a6 8. Be2 Bxf2+ 9. Kxf2 Ng4+ 10. Ke1 Ne3 11. c4 Qa5 12. Qb3 Nxg2+ 13. Kf2 Nf4 14. Ne4 Nxe2 15. Kxe2 O-O 16. Rg1 f5 17. Bh6 fxe4 18.
Rxg7+ Kh8 19. Ng5 Nc6 20. Rxh7+ Kg8 21. Rg7+ Kh8 22. Qh3 Nd4+ 23. Kd1 Qf5 24. Rh7+ Kg8 25. Bxf8 Qxh3 26. Rxh3 Kxf8 27. Nxe4 Bd7 28. Rh8+ Ke7 29. Rxa8 Bc6 30. Nd2 e5 31. Ra3 e4 32. Re3 Nf5 33.
Rxe4+ Bxe4 34. Nxe4 1-0

[Event "Late-Titled-Tuesday-Blitz-March-19-2024"]
[Site "Chess.com"]
[Date "2024.03.19"]
[Round "7"]
[White "ashookk"]
[Black "bitter-cikolata"]
[Result "0-1"]
[WhiteElo "2343"]
[BlackElo "2511"]
[TimeControl "180+1"]
[EndTime "15:15:47 PDT"]
[Termination "bitter-cikolata won by resignation"]

1. Nf3 Nf6 2. c4 g6 3. Nc3 d5 4.
cxd5 Nxd5 5. h4 h5 6. e3 Bg7 7. Bc4 Nb6 8. Bb3 O-O 9. Ng5 c5 10.
d3 Nc6 11. a3 Bg4 12. f3 Bf5 13. Nce4 Ne5 14. Bc2 Qc7 15. Qe2 Rfd8 16. Kf2 Rac8 17. Rd1 c4 18. d4 Nd3+ 19. Bxd3 cxd3 20. Rxd3 e5 21. Rc3 Qe7 22. Rxc8 Rxc8 23. dxe5 Bxe5 24. Nc3 Bxc3 25. bxc3 Rxc3 26. Bd2 Rc2 27. e4 Nc4 28. Rd1 Bd7 29. Qd3 Ba4 30. Kg3 Nb2 31. Qd4 Nxd1 32.
Bf4 Nc3 33. Be5 Ne2+ 0-1

[Event "Late-Titled-Tuesday-Blitz-March-19-2024"]
[Site "Chess.com"]
[Date "2024.03.19"]
[Round "7"]
[White "MathiasWomacka"]
[Black "ThaBarWa"]
[Result "1-0"]
[WhiteElo "2495"]
[BlackElo "2337"]
[TimeControl "180+1"]
[EndTime "15:15:47 PDT"]
[Termination "MathiasWomacka won by resignation"]

1. e4 c5 2. Nf3 d6 3. d4 cxd4 4. Nxd4 Nf6 5. Nc3 a6 6. Be2 g6 7. O-O Bg7 8. Re1 O-O 9. Bf1 Nc6 10. Nb3 b5 11. Bg5 h6 12. Bh4 Re8 13. Nd5 Nxd5 14. exd5 Ne5 15. a4 Bd7 16. Nd4 g5 17. Bg3 Qb6 18.
axb5 axb5 19. Rxa8 Rxa8 20. c3 b4 21. h4 Bf6 22.
Qh5 Kg7 23. Bxe5 dxe5 24. Nf3 bxc3 25. hxg5 hxg5 26. Nxg5 Bxg5 27. Qxg5+ Qg6 28. Qxe5+ Qf6 29. bxc3 Qxe5 30. Rxe5 Kf6 31. Re1 Rc8 32. Re3 Rc5 33. c4 Ba4 34. g3 Bd1 35. f4 Bg4 36. Kf2 Bc8 37. Ra3 Bg4 38. Ke3 Bc8 39. Kd4 Rc7 40. c5 Bf5 41. c6 e6 42. Bg2 exd5 43. Bxd5 Ke7 44. Kc5 f6 1-0

[Event "Late-Titled-Tuesday-Blitz-March-19-2024"]
[Site "Chess.com"]
[Date "2024.03.19"]
[Round "7"]
[White "bescmelasti"]
[Black "yosephtaher"]
[Result "1/2-1/2"]
[WhiteElo "2687"]
[BlackElo "2944"]
[TimeControl "180+1"]
[EndTime "15:15:48 PDT"]
[Termination "Game drawn - insufficient material"]

1. e4 c5 2. Nf3 g6 3. c3 Nf6 4.
e5 Nd5 5. d4 cxd4 6. Qxd4 Nc7 7. Bc4 Nc6 8. Qe4 Bg7 9. O-O O-O 10. Bf4 d6 11. exd6 exd6 12. Rd1 d5 13. Bxc7 dxe4 14. Bxd8 exf3 15. Bh4 fxg2 16. Kxg2 Bg4 17. f3 Bxf3+ 18. Kxf3 Ne5+ 19. Kf2 Nxc4 20. b3 Nb6 21. Nd2 Bxc3 22. Rac1 Bxd2 23. Rxd2 Rac8 24. Rxc8 Rxc8 25. Bf6 h6 26. h4 Re8 27. a4 Nc8 28. Rd7 b6 29.
b4 Kf8 30. b5 g5 31. hxg5 hxg5 32. Kf3 Kg8 33. Kg4 Kf8 34. Kxg5 Kg8 35. Kf4 Re6 36. Be5 Ne7 37. Bb8 Ng6+ 38. Kf5 Ne7+ 39. Kf4 Ng6+ 40. Kf5 Kg7 41. Bxa7 Re5+ 42. Kg4 Re4+ 43. Kg3 Rxa4 44.
Bxb6 Ra3+ 45. Kf2 Rb3 46. Bd4+ Kf8 47. b6 Ke8 48. Rc7 Nf4 49. b7 Ne6 50. Rc8+ Kd7 51. b8=Q Rxb8 52. Rxb8 Nxd4 53. Rf8 Ke7 54. Rxf7+ Kxf7 1/2-1/2

[Event "Late-Titled-Tuesday-Blitz-March-19-2024"]
[Site "Chess.com"]
[Date "2024.03.19"]
[Round "7"]
[White "Vahe_Danielyan"]
[Black "MikaelyanArman"]
[Result "0-1"]
[WhiteElo "2658"]
[BlackElo "2848"]
[TimeControl "180+1"]
[EndTime "15:15:49 PDT"]
[Termination "MikaelyanArman won by checkmate"]

1. e4 c5 2. Nc3 e6 3. Nge2 Nc6 4. g3 g6 5. Bg2 Bg7 6. O-O Nge7 7. d3 O-O 8. Be3 b6 9. d4 cxd4 10. Nxd4 Ba6 11. Re1 Ne5 12. Ndb5 Nc4 13. Bc1 d5 14. exd5 Nxd5 15. Nxd5 exd5 16. Nd4 Re8 17. Nc6 Qd6 18. Bxd5 Kh8 19. Rxe8+ Rxe8 20. Bf4 Qc5 21. Qf3 Nxb2 22. Be3 Qf8 23. Bd4 Bxd4 24. Nxd4 Qg7 25. Qc3 Na4 26. Qc6 Rd8 27. Re1 Qxd4 28. Re8+ Kg7 29. Rxd8 Qd1+ 30.
Kg2 Bf1+ 31. Kg1 Bh3# 0-1

[Event "Late-Titled-Tuesday-Blitz-March-19-2024"]
[Site "Chess.com"]
[Date "2024.03.19"]
[Round "7"]
[White "liwadas82"]
[Black "inagreV"]
[Result "1-0"]
[WhiteElo "2518"]
[BlackElo "2385"]
[TimeControl "180+1"]
[EndTime "15:15:52 PDT"]
[Termination "liwadas82 won by resignation"]

1. e4 c5 2. Nf3 Nc6 3. d4 cxd4 4.
Nxd4 Nf6 5. Nc3 d6 6. Be3 Ng4 7.
Bb5 Nxe3 8. fxe3 Bd7 9. Bxc6 bxc6 10. O-O e6 11. Qf3 Qf6 12. Qh5 Qe7 13. e5 g6 14.
Qf3 d5 15. e4 Bg7 16. exd5 cxd5 17. Rae1 O-O 18. Nb3 a5 19. a3 Rfc8 20. Kh1 a4 21. Nc1 Rc4 22. Nd3 Rb8 23. Nb4 Be8 24. b3 axb3 25. cxb3 Rh4 26. g3 Rh5 27. Qf4 Qc7 28. Na6 Qxc3 29. Nxb8 Qc8 30. g4 Rh4 31. Qb4 Bf8 32. Rc1 Qd8 33. Qb7 d4 34. Rc8 Qa5 35.
Rxe8 Qxe5 36. Qxf7+ 1-0

[Event "Late-Titled-Tuesday-Blitz-March-19-2024"]
[Site "Chess.com"]
[Date "2024.03.19"]
[Round "7"]
[White "uzkuzk"]
[Black "Roedor"]
[Result "1-0"]
[WhiteElo "2486"]
[BlackElo "2316"]
[TimeControl "180+1"]
[EndTime "15:15:54 PDT"]
[Termination "uzkuzk won on time"]

1. e4 e5 2. Nf3 Nc6 3. Bc4 Bc5 4. b4 Bxb4 5. c3 Be7 6. d4 Na5 7. Bd3 d6 8. O-O Nf6 9. dxe5 dxe5 10. Nxe5 O-O 11. f4 b6 12. Be3 Bb7 13. Qc2 h6 14.
Nd2 Qc8 15. Ndf3 Ng4 16. Nxg4 Qxg4 17. e5 Rad8 18. f5 Nc4 19. Bxc4 Qxc4 20. f6 Bc5 21.
Rae1 Be4 22. Qf2 Bxe3 23. Qxe3 Bg6 24. Nd4 Rfe8 25. Qg3 Rxd4 26. cxd4 Qxd4+ 27. Kh1 c5 28. e6 gxf6 29. exf7+ Kxf7 30. Rxe8 Qc4 31. Rf8+ 1-0

[Event "Late-Titled-Tuesday-Blitz-March-19-2024"]
[Site "Chess.com"]
[Date "2024.03.19"]
[Round "7"]
[White "Alex_Sahakyan2006"]
[Black "Jospem"]
[Result "0-1"]
[WhiteElo "2818"]
[BlackElo "3052"]
[TimeControl "180+1"]
[EndTime "15:15:55 PDT"]
[Termination "Jospem won by resignation"]

1. e4 c5 2. Nf3 d6 3. Nc3 a6 4. a4 e6 5. g3 Nc6 6. Bg2 Bd7 7. d4 cxd4 8. Nxd4 Nf6 9. O-O Be7 10.
Re1 O-O 11. h3 Rc8 12. Nb3 Ne5 13. Qe2 Nc4 14. Nd2 Na5 15. e5 dxe5 16. Qxe5 Nc6 17. Qe2 Nd4 18. Qd3 Bc6 19. Bxc6 Nxc6 20. Qxd8 Rfxd8 21. Nde4 Nxe4 22. Rxe4 Nd4 23. Bf4 Nxc2 24. Rc1 Nb4 25. Be3 Nd3 26. Rc2 e5 27. g4 f6 28. f4 Kf7 29. fxe5 Nxe5 30. Kg2 Nd3 31. Re2 Bd6 32. Rd2 Be5 33. Re2 Rd7 34. g5 Nxb2 35. Rxb2 Rxc3 36. Rf2 Re7 37. gxf6 Bxf6 38. Rxe7+ Kxe7 39.
Bb6 Kd7 40. Re2 Rb3 41. a5 Rb2 42. Rxb2 Bxb2 43. Kf3 Kc6 44. Ke4 Bc3 45. Kf5 Kb5 46. Ke6 Bxa5 47. Kf5 Bxb6 48. Kf4 a5 49. Kg4 a4 0-1

[Event "Late-Titled-Tuesday-Blitz-March-19-2024"]
[Site "Chess.com"]
[Date "2024.03.19"]
[Round "7"]
[White "Viktor_Poddubnyi"]
[Black "balack95"]
[Result "1-0"]
[WhiteElo "2306"]
[BlackElo "2435"]
[TimeControl "180+1"]
[EndTime "15:15:58 PDT"]
[Termination "Viktor_Poddubnyi won by checkmate"]

1. e4 c5 2. Nf3 e6 3. g3 d5 4. exd5 Qxd5 5. Bg2 Nc6 6. O-O Nf6 7.
c3 Qd8 8. d4 cxd4 9. Nxd4 Bd7 10. Nb5 Be7 11. Nd6+ Bxd6 12. Qxd6 Qe7 13. Bf4 Qxd6 14.
Bxd6 O-O-O 15. Na3 Ne8 16. Bc5 b6 17. Be3 Nd6 18.
Rad1 Be8 19. Rd2 Nb7 20. Rfd1 Rxd2 21. Rxd2 f6 22. Nb5 Kb8 23. Nd6 Nca5 24. Nxe8 Rxe8 25. Rd7 Rd8 26. Rxg7 Rd1+ 27. Bf1 Nc4 28. Bh6 Nbd6 29. Rxh7 Ne4 30. Kg2 Nxb2 31. Ba6 Nd6 32. Rd7 Na4 33. Bf8 Nc5 34. Rxd6 Ra1 35. Rd8+ Kc7 36.
Rc8+ Kd7 37. Bxc5 bxc5 38. Bc4 Rxa2 39. Bxa2 Kxc8 40. Bxe6+ Kc7 41. h4 Kd6 42. Bc4 Ke7 43. h5 Kf8 44. Kf3 Kg7 45. g4 Kh6 46. Kf4 a5 47. Kf5 a4 48. Kxf6 a3 49. Ba2 c4 50.
Bxc4 a2 51. Bxa2 Kh7 52. c4 Kh6 53. c5 Kh7 54. c6 Kh6 55. c7 Kh7 56. c8=Q Kh6 57.
Qh8# 1-0

[Event "Late-Titled-Tuesday-Blitz-March-19-2024"]
[Site "Chess.com"]
[Date "2024.03.19"]
[Round "7"]
[White "IngOscarArdila"]
[Black "maurovargas01"]
[Result "0-1"]
[WhiteElo "2377"]
[BlackElo "1846"]
[TimeControl "180+1"]
[EndTime "15:15:59 PDT"]
[Termination "maurovargas01 won on time"]

1. d4 Nf6 2. c4 e6 3. Nc3 Bb4 4. Qc2 O-O 5. Bg5 h6 6. Bxf6 Qxf6 7. Nf3 c6 8. a3 Bxc3+ 9. Qxc3 d5 10. e3 Nd7 11. Bd3 Re8 12. cxd5 exd5 13. O-O g5 14. h3 h5 15. Bc2 g4 16. hxg4 hxg4 17. Nh2 Qh4 18. g3 Qh3 19. Bf5 Nf6 20. Qc2 Ne4 21. Bxe4 dxe4 22. d5 cxd5 23. Qc7 Kg7 24. Rac1 Rh8 25.
Qe5+ f6 26. Rc7+ Kg6 27. Rfc1 Qxh2+ 28. Kf1 fxe5 29. Ke2 Rf8 30. Rf1 Qg2 31. b4 Qf3+ 32. Kd2 d4 33. Re7 dxe3+ 34. Ke1 exf2+ 0-1

[Event "Late-Titled-Tuesday-Blitz-March-19-2024"]
[Site "Chess.com"]
[Date "2024.03.19"]
[Round "7"]
[White "steepedgames"]
[Black "Masterisback04"]
[Result "1-0"]
[WhiteElo "2532"]
[BlackElo "1954"]
[TimeControl "180+1"]
[EndTime "15:16:00 PDT"]
[Termination "steepedgames won on time"]

1. d4 f5 2. c4 Nf6 3. Nc3 e6 4. e4 fxe4 5. Bg5 Be7 6. Bxf6 Bxf6 7. Nxe4 d5 8. cxd5 O-O 9. Nxf6+ Qxf6 10. Nf3 exd5 11. Be2 Nc6 12. O-O Ne7 13. Qb3 c6 14. Rfe1 Ng6 15. Qe3 Bg4 16. Ne5 Bxe2 17. Rxe2 Nf4 18.
Rd2 Rad8 19. g3 Ne6 20. Re1 Ng5 21. Rc2 Qf5 22. Rce2 Rde8 23. f4 Ne4 24. Rf1 h6 25. g4 Qe6 26. f5 Qf6 27. Ng6 Rf7 28. Ne5 Rfe7 29. Qf4 c5 30. Nf3 cxd4 31. Rd1 d3 32.
Rxd3 Ng5 33. Rxe7 Rxe7 34. Nxg5 hxg5 35. Qd4 1-0

[Event "Late-Titled-Tuesday-Blitz-March-19-2024"]
[Site "Chess.com"]
[Date "2024.03.19"]
[Round "7"]
[White "joksijoksi"]
[Black "Jahonas"]
[Result "1-0"]
[WhiteElo "2576"]
[BlackElo "2369"]
[TimeControl "180+1"]
[EndTime "15:16:01 PDT"]
[Termination "joksijoksi won by resignation"]

1. d4 Nf6 2. Nf3 d5 3. c4 c6 4. Nbd2 Bf5 5. g3 e6 6. Bg2 Nbd7 7. O-O Be7 8. b3 O-O 9. Bb2 h6 10.
Rc1 Ne4 11. Nxe4 Bxe4 12. a3 Re8 13. b4 Bf6 14. b5 cxb5 15. cxb5 Qb6 16. a4 a6 17. Qb3 axb5 18. axb5 Bxf3 19. Bxf3 Rec8 20. e3 g6 21. Rxc8+ Rxc8 22. Rc1 Rxc1+ 23. Bxc1 Kg7 24.
Ba3 Qa5 25. Kg2 Qd2 26. Bb4 Qc1 27. Ba3 Qc8 28. Qb4 Nb6 29. Be2 Nc4 30. Bxc4 dxc4 31. Qc5 Qa8 32. Bb4 b6+ 33. Qc6 Qa2 34. Qxb6 Qb3 35. Qd6 Kh7 36. Qf8 c3 37. Qxf7+ Bg7 38.
Bf8 Qd5+ 39. f3 1-0

[Event "Late-Titled-Tuesday-Blitz-March-19-2024"]
[Site "Chess.com"]
[Date "2024.03.19"]
[Round "7"]
[White "NikoTheodorou"]
[Black "Sargsyan_Shant"]
[Result "1-0"]
[WhiteElo "3108"]
[BlackElo "2941"]
[TimeControl "180+1"]
[EndTime "15:16:02 PDT"]
[Termination "NikoTheodorou won on time"]

1. Nf3 d5 2. b3 Nf6 3. Bb2 Bf5 4. g3 e6 5. Bg2 h6 6. O-O Be7 7. d3 O-O 8. Nc3 Bh7 9. e4 c6 10. Qe2 a5 11. Kh1 Nbd7 12. a4 Nc5 13. Nd2 Na6 14. f4 Nb4 15. Rac1 Qb6 16. g4 Rfd8 17. g5 hxg5 18.
fxg5 Ne8 19. exd5 cxd5 20. Nf3 Nd6 21. Nb5 Nf5 22. Rce1 Rac8 23. Nbd4 Bf8 24. Qf2 Bc5 25.
Bh3 Nc6 26. Bxf5 Bxf5 27. Qh4 Nxd4 28. Nxd4 Bg6 29. Re2 Qb4 30. Rf4 Bd6 31. Rg4 Qc5 32. Qh3 e5 33. Rh4 Kf8 34. Ne6+ fxe6 35. Qxe6 1-0

[Event "Late-Titled-Tuesday-Blitz-March-19-2024"]
[Site "Chess.com"]
[Date "2024.03.19"]
[Round "7"]
[White "TenisMaster"]
[Black "IMchanged"]
[Result "0-1"]
[WhiteElo "2845"]
[BlackElo "2677"]
[TimeControl "180+1"]
[EndTime "15:16:02 PDT"]
[Termination "IMchanged won on time"]

1. e4 c5 2. Nf3 d6 3. d4 cxd4 4. Nxd4 Nf6 5. Nc3 Nc6 6. Bg5 e6 7. Qd2 a6 8. O-O-O Be7 9. f3 Nxd4 10. Qxd4 b5 11. Bxf6 Bxf6 12. Qxd6 Qxd6 13. Rxd6 Ke7 14. Rd3 Bb7 15. Be2 Be5 16. g3 g5 17. Rhd1 Bc6 18. a3 h5 19. Na2 a5 20. Rf1 Bf6 21. Rb3 Rab8 22. Nc3 b4 23. axb4 a4 24. Ra3 Rxb4 25.
Bd3 Rhb8 26. f4 gxf4 27. gxf4 Bd4 28. Nd1 Rxb2 29. Kd2 Rb1 30. c3 Bc5 31. Ra2 R1b6 32. Ne3 Rb2+ 33. Rxb2 Rxb2+ 34. Nc2 a3 35. Ra1 Ba4 36.
e5 Bb3 37. Be4 f5 38. exf6+ Kxf6 39. Bd3 h4 40. h3 Bd6 41. Rf1 a2 42. Ra1 Bxf4+ 0-1

[Event "Late-Titled-Tuesday-Blitz-March-19-2024"]
[Site "Chess.com"]
[Date "2024.03.19"]
[Round "7"]
[White "MaiqMaster"]
[Black "bazar-wokzal"]
[Result "0-1"]
[WhiteElo "2358"]
[BlackElo "2551"]
[TimeControl "180+1"]
[EndTime "15:16:03 PDT"]
[Termination "bazar-wokzal won by resignation"]

1. e4 Nc6 2. Nf3 d5 3. exd5 Qxd5 4. Nc3 Qa5 5. Bb5 Bd7 6. b4 Qxb4 7. Rb1 Qa5 8. O-O Nf6 9. Qe2 e6 10. Ne5 Bd6 11.
Nxd7 Nxd7 12. a4 O-O 13. Bb2 a6 14. Bxc6 bxc6 15. Ne4 Qf5 16. Bc3 Rfb8 17. Rxb8+ Rxb8 18. Nxd6 cxd6 19. Qxa6 Qxc2 20. Qxc6 Nf8 21. Qxd6 Rb1 22. g3 Rxf1+ 23. Kxf1 Qxa4 24. Bb4 Qa1+ 25. Kg2 Qa8+ 26. Kg1 Ng6 27. h4 h5 28. Bc3 Qe4 29.
Qd8+ Kh7 30. Qg5 Qf3 31. Bb2 f6 32. Qc5 e5 33. Kh2 Qg4 34. Qe3 Ne7 35. d4 Nf5 36.
Qd3 exd4 37. Bxd4 Kh6 38. Be3+ Kg6 39. Bd2 Qd4 40. Qe2 Qd5 41. Bf4 Nd4 42. Qd3+ Kf7 43.
Qd1 Nf3+ 44. Kh3 Qxd1 0-1

[Event "Late-Titled-Tuesday-Blitz-March-19-2024"]
[Site "Chess.com"]
[Date "2024.03.19"]
[Round "7"]
[White "mbojan"]
[Black "Njal28"]
[Result "0-1"]
[WhiteElo "2816"]
[BlackElo "3060"]
[TimeControl "180+1"]
[EndTime "15:16:04 PDT"]
[Termination "Njal28 won on time"]

1. e4 e5 2. Nf3 Nc6 3. Bb5 a6 4. Ba4 Nf6 5. O-O Be7 6. d3 b5 7.
Bb3 O-O 8. Nc3 d6 9. a3 h6 10. h3 Rb8 11. Bd2 Re8 12. Nd5 Bf8 13. Re1 Nxd5 14.
Bxd5 Ne7 15. Ba2 Ng6 16. Nh2 Be6 17. Bxe6 Rxe6 18. b4 d5 19. Nf3 c5 20. Qe2 Rc8 21. exd5 Qxd5 22. c4 Qd7 23. Bc3 cxb4 24. axb4 Nf4 25. Qe4 Qxd3 26. Nxe5 Qxe4 27. Rxe4 Rxc4 28. Rxc4 bxc4 29. Kf1 Nd5 30. Bd4 c3 31. Nd3 c2 32.
Rc1 Nxb4 33. Ne1 Be7 34. Bc3 Bg5 35. Ra1 c1=Q 36. Rxc1 Bxc1 37. Bxb4 Rb6 38. Nd3 Ba3 39. Bxa3 Rb3 0-1

[Event "Late-Titled-Tuesday-Blitz-March-19-2024"]
[Site "Chess.com"]
[Date "2024.03.19"]
[Round "7"]
[White "TigrVShlyape"]
[Black "jefferyx"]
[Result "0-1"]
[WhiteElo "2935"]
[BlackElo "3099"]
[TimeControl "180+1"]
[EndTime "15:16:05 PDT"]
[Termination "jefferyx won on time"]

1. e4 c6 2. d3 g6 3. Nf3 Bg7 4. d4 d5 5. Nbd2 dxe4 6. Nxe4 Nf6 7. Nxf6+ exf6 8. Bc4 O-O 9. O-O Nd7 10. c3 b5 11. Bb3 Nb6 12. Re1 a5 13. Bf4 a4 14.
Bc2 Be6 15. b3 Re8 16. h3 Qd7 17. Qd2 Bf8 18. Nh2 Nd5 19. Bg3 axb3 20. axb3 Bd6 21. Nf1 f5 22. Bxd6 Qxd6 23. Ne3 Nf6 24. Nf1 f4 25. Nh2 Rxa1 26. Rxa1 Bd5 27. Nf3 Bxf3 28. gxf3 Qe6 29. Kg2 Qe2 30. Qxe2 Rxe2 31. Rc1 Rd2 32.
Kf1 b4 33. cxb4 Rxd4 34. Bd1 Nd5 35. Be2 Nxb4 36. Bc4 Rd2 37. Ra1 Nd3 38. Bxd3 Rxd3 39.
Kg2 Rxb3 40. Rc1 Rb6 41. h4 h6 42. Rc4 g5 43. Kh3 Kg7 44. Rc5 Kg6 45. hxg5 hxg5 46. Kg4 f6 47. Kh3 Kf7 48. Kg4 Ke6 49. Rc2 Kd5 50.
Rd2+ Ke5 51. Re2+ Kd6 52. Rd2+ Kc7 53. Rc2 Rb5 54. Kh5 Rb3 55. Kg6 Rxf3 56. Kxf6 g4 57. Ke5 g3 58. fxg3 fxg3 59. Rc4 Re3+ 60. Kf4 g2 61. Rc1 Re8 0-1

[Event "Late-Titled-Tuesday-Blitz-March-19-2024"]
[Site "Chess.com"]
[Date "2024.03.19"]
[Round "7"]
[White "mirochka"]
[Black "AndreyNeves"]
[Result "0-1"]
[WhiteElo "2252"]
[BlackElo "2133"]
[TimeControl "180+1"]
[EndTime "15:16:05 PDT"]
[Termination "AndreyNeves won on time"]

1. e4 c6 2. d4 d5 3. e5 Bf5 4.
Nf3 e6 5. Be2 Ne7 6. O-O c5 7.
c4 Nbc6 8. dxc5 d4 9. Bd3 Bxd3 10. Qxd3 Nf5 11. Bg5 Be7 12. Bxe7 Qxe7 13. Nbd2 Rd8 14. Ne4 O-O 15. a3 a5 16. Nd6 f6 17. b4 axb4 18.
axb4 Nxe5 19. Nxe5 fxe5 20. Ne4 Ra8 21. b5 h6 22. g3 Qd7 23. Qb3 Kh8 24. Qd3 Rfe8 25.
Qb3 d3 26. Rxa8 Rxa8 27. Rd1 Rd8 28. Rd2 Qd4 29. Nd6 Nxd6 30. Rxd3 Qxc5 31. Qd1 Qc7 32.
Kg2 Nf7 33. Rxd8+ Qxd8 34. Qe2 Qd4 35. f3 Nd6 0-1

[Event "Late-Titled-Tuesday-Blitz-March-19-2024"]
[Site "Chess.com"]
[Date "2024.03.19"]
[Round "7"]
[White "mitrabhaa"]
[Black "Marcan2b"]
[Result "1-0"]
[WhiteElo "3068"]
[BlackElo "2925"]
[TimeControl "180+1"]
[EndTime "15:16:09 PDT"]
[Termination "mitrabhaa won on time"]

1. Nf3 Nf6 2. c4 e6 3. Nc3 d5 4.
e3 Be7 5. b3 c5 6. cxd5 exd5 7.
Bb2 Nc6 8. Bb5 O-O 9. O-O Bd6 10. h3 a6 11. Bxc6 bxc6 12. Rc1 Re8 13. Na4 Ne4 14.
d4 Bxh3 15. gxh3 Re6 16. dxc5 Rg6+ 17. Kh1 Bc7 18. Ne5 Qh4 19. Qf3 Ng3+ 20. Kg2 Bxe5 21. Bxe5 Nf5+ 22. Kh1 Ne7 23. Rg1 Re8 24. Rxg6 Nxg6 25.
Bh2 Qh6 26. Rg1 Qh4 27. Rg4 Qd8 28. Nb6 a5 29. Bd6 h6 30. Qg3 Kh7 31. h4 1-0

[Event "Late-Titled-Tuesday-Blitz-March-19-2024"]
[Site "Chess.com"]
[Date "2024.03.19"]
[Round "7"]
[White "Grischuk"]
[Black "Onischuk_V"]
[Result "1-0"]
[WhiteElo "3044"]
[BlackElo "2805"]
[TimeControl "180+1"]
[EndTime "15:16:09 PDT"]
[Termination "Grischuk won on time"]

1. d4 d6 2. e4 Nf6 3. Nc3 g6 4. Nf3 Bg7 5. Be3 c6 6. h3 Qa5 7.
Bd3 Nbd7 8. O-O e5 9. Ne2 h6 10. Ng3 O-O 11. c3 Qd8 12. Re1 Qe7 13. a4 a5 14. Qd2 Kh7 15. Rad1 Re8 16. Bc2 Nf8 17. Qc1 Qc7 18. b4 Be6 19. Qb2 N8d7 20. Qb1 axb4 21.
cxb4 Nb6 22. dxe5 dxe5 23. a5 Nc4 24. Bb3 Nd7 25. Rc1 Nxe3 26. Rxe3 Bf8 27. h4 Rad8 28.
h5 Qd6 29. hxg6+ fxg6 30. Bxe6 Qxe6 31. Rec3 Nf6 32. b5 cxb5 33. Qxb5 Rd7 34. Rc7 Rd8 35. Qxb7 Ng4 36. a6 1-0

[Event "Late-Titled-Tuesday-Blitz-March-19-2024"]
[Site "Chess.com"]
[Date "2024.03.19"]
[Round "7"]
[White "JoakimVonAnd"]
[Black "Baronessa08"]
[Result "1-0"]
[WhiteElo "2718"]
[BlackElo "2592"]
[TimeControl "180+1"]
[EndTime "15:16:09 PDT"]
[Termination "JoakimVonAnd won on time"]

1. d4 d5 2. Nf3 Nf6 3. Bf4 e6 4.
e3 c5 5. Nbd2 Nc6 6. c3 cxd4 7.
exd4 Nh5 8. Be3 Bd6 9. Bd3 Nf4 10.
Bxf4 Bxf4 11. g3 Bd6 12. O-O O-O 13. h4 h6 14. Re1 Qc7 15. Kg2 b6 16. Qe2 a5 17.
Ne5 Bxe5 18. dxe5 d4 19. Rac1 Bb7 20. Kh2 dxc3 21. Rxc3 Qd7 22. Nc4 Nd4 23. Nxb6 Qd8 24. Qe3 Nf3+ 25. Kh3 Nxe1 26. Bb1 Ra6 27. Nc4 Nf3 28. Nd6 Bd5 29. Qd3 f5 30. exf6 Rxf6 31. Qxa6 Ng1+ 32. Kg4 h5+ 33. Kxh5 Rh6+ 34. Kg4 Rxh4+ 35.
gxh4 Qf6 36. Qc8+ 1-0

[Event "Late-Titled-Tuesday-Blitz-March-19-2024"]
[Site "Chess.com"]
[Date "2024.03.19"]
[Round "7"]
[White "dawid498"]
[Black "Keks2017"]
[Result "1-0"]
[WhiteElo "2708"]
[BlackElo "2582"]
[TimeControl "180+1"]
[EndTime "15:16:09 PDT"]
[Termination "dawid498 won by checkmate"]

1. e4 d6 2. d4 Nf6 3. Nc3 g6 4. f4 Bg7 5. Nf3 c5 6. dxc5 Qa5 7. Qd4 Nc6 8. Bb5 Bd7 9. Qa4 Qxa4 10. Bxa4 Nb4 11.
Bb3 dxc5 12. e5 Ng4 13. Nd5 Nxd5 14. Bxd5 Rb8 15. h3 Nh6 16. Be3 b6 17. g4 O-O 18.
O-O-O Rfd8 19. Ng5 Be8 20. a3 e6 21. Bf3 Kh8 22.
Rxd8 Rxd8 23. Rd1 Rxd1+ 24. Kxd1 Bd7 25. Kd2 Kg8 26. c4 f6 27. exf6 Bxf6 28. b4 cxb4 29. axb4 Nf7 30. Ne4 Be7 31. Kc3 a5 32. b5 Bd8 33. Bxb6 Bxb6 34. Nf6+ Kg7 35. Nxd7 Be3 36. b6 Nd8 37. c5 Bxf4 38. c6 Kf7 39. c7 Nb7 40. c8=Q Nd6 41. Qf8# 1-0

[Event "Late-Titled-Tuesday-Blitz-March-19-2024"]
[Site "Chess.com"]
[Date "2024.03.19"]
[Round "7"]
[White "CarlosjPineror"]
[Black "SultaiC"]
[Result "1-0"]
[WhiteElo "2673"]
[BlackElo "2505"]
[TimeControl "180+1"]
[EndTime "15:16:11 PDT"]
[Termination "CarlosjPineror won on time"]

1. e4 c5 2. Nf3 d6 3. d4 cxd4 4. Nxd4 Nf6 5. Nc3 a6 6. Bg5 e6 7. f4 Be7 8. Qe2 Qc7 9. O-O-O O-O 10. g4 b5 11. Bg2 Bb7 12. h4 b4 13. Na4 Nc6 14.
Nb3 Rac8 15. Kb1 Na5 16. Nxa5 Qxa5 17. b3 Bc6 18. e5 dxe5 19. fxe5 Bxg2 20. Qxg2 Nd5 21.
Rxd5 exd5 22. Bxe7 Rfe8 23. Bd6 d4 24. Rf1 Qb5 25. Qf3 Kh8 26. Qxf7 d3 27. h5 dxc2+ 28. Kc1 h6 29. g5 Qd3 30. Qf3 Qd4 31. Nb2 Rg8 32. g6 Rc3 33. Qf4 Qd5 34. Qf7 Qa8 35. e6 Rcc8 36. e7 Rce8 37. Nd3 Qe4 38. Qf5 Qe3+ 39. Kxc2 Rc8+ 40. Kb1 Qe2 41. Ne5 1-0